 Dungeon Crawl Stone Soup version 0.23.0 (webtiles) character file.

Game seed: 16289990960266113398

31 inmateoo the Insei (level 3, -4/28 HPs)
             Began as a Gnoll Transmuter on Feb 9, 2019.
             Killed from afar by a dart slug (7 damage)
             ... with a slug dart
             ... on level 3 of the Dungeon.
             The game lasted 00:01:19 (511 turns).

inmateoo the Insei (Gnoll Transmuter)                Turns: 511, Time: 00:01:20

Health: -4/28      AC:  2    Str: 12    XL:     3   Next: 22%
Magic:  0/9        EV: 14    Int: 16    God:
Gold:   10         SH:  0    Dex: 15    Spells: 9/12 levels left

rFire    . . .     SeeInvis .     - Unarmed
rCold    . . .     Gourm    .   (no shield)
rNeg     . . .     Faith    .   b - +0 robe
rPois    .         Spirit   .   (no helmet)
rElec    .         Reflect  .   (no cloak)
rCorr    .         Harm     .   (no gloves)
MR       .....                  (no boots)
Stlth    ++........             (no amulet)
HPRegen  0.09/turn              (no ring)
MPRegen  0.11/turn              (no ring)

@: appendage
A: distributed training, fangs 1, horns 2, strong nose
a: End Transformation


You were on level 3 of the Dungeon.
You were not hungry.
You had grown temporary horns.
You visited 1 branch of the dungeon, and saw 4 of its levels.

You collected 10 gold pieces.

Inventory:

Missiles
 a - 8 arrows
Armour
 b - a +0 robe (worn)
Scrolls
 f - a scroll of blinking {unknown}
Potions
 c - a potion of lignification {unknown}
 e - a potion of haste {unknown}
Comestibles
 d - a ration


   Skills:
 + Level 2.5 Fighting
 + Level 0.6 Short Blades
 + Level 0.6 Long Blades
 + Level 0.6 Axes
 + Level 0.6 Maces & Flails
 + Level 0.6 Polearms
 + Level 0.6 Staves
 + Level 0.6 Slings
 + Level 0.6 Bows
 + Level 0.6 Crossbows
 + Level 0.6 Throwing
 + Level 0.6 Armour
 + Level 4.5 Dodging
 + Level 0.6 Stealth
 + Level 0.6 Shields
 + Level 6.5 Unarmed Combat
 + Level 5.0 Spellcasting
 + Level 0.4 Conjurations
 + Level 0.4 Hexes
 + Level 0.4 Charms
 + Level 0.4 Summonings
 + Level 0.4 Necromancy
 + Level 0.4 Translocations
 + Level 3.7 Transmutations
 + Level 0.4 Fire Magic
 + Level 0.4 Ice Magic
 + Level 0.4 Air Magic
 + Level 0.4 Earth Magic
 + Level 0.4 Poison Magic
 + Level 0.8 Invocations
 + Level 0.6 Evocations


You had 9 spell levels left.
You knew the following spells:

 Your Spells              Type           Power        Failure   Level  Hunger
a - Beastly Appendage     Tmut           ###...       3%          1    None
b - Sticks to Snakes      Tmut           ###.....     4%          2    #......

Your spell library contained the following spells:

 Spells                   Type           Power        Failure   Level  Hunger
 Spider Form              Tmut/Pois      ##........   19%         3    ###....
 Ice Form                 Ice/Tmut       ##......     54%         4    ####...
 Blade Hands              Tmut           ###.......   65%         5    ######.


Dungeon Overview and Level Annotations

Branches:
Dungeon (4/15)
 Temple: D:4-7

Altars:
Nemelex Xobeh

Annotations:
D:4 Eustachio


Innate Abilities, Weirdness & Mutations

Your experience applies equally to all skills.
You have very sharp teeth.
Your uncanny sense of smell can sniff out nearby items.
You have a pair of horns on your head.


Message History

You hit the gnoll.
You kill the gnoll!
Your Spellcasting skill increases to level 5!
You have reached level 3!
Your experience leads to an increase in your attributes!
Increase (S)trength, (I)ntelligence, or (D)exterity?
You feel clever.
Your ball python closely misses the gnoll.
Your ball python grabs the gnoll.
Your ball python constricts the gnoll.
The dart slug launches a dart at you. The slug dart misses you.
Casting: Beastly Appendage (safe; 3% risk of failure)
Confirm with . or Enter, or press ? or * to list all spells.
You create a snake!
You now have 8 arrows.
The gnoll hits your ball python with a +0 flail.
Your ball python dies!
The gnoll barely misses you. The dart slug launches a dart at you.
The slug dart hits you!
You die...

..........
#..%......
#.........
#.........
#w........
#.........
#.........
#.>S......
#@gg......
######.###
# .. .. ..
... .. .#
... #. #.#
∆ #.##. ..
#....#.#


You could see 2 gnolls, a dart slug and a friendly ball python.

Vanquished Creatures
  A gnoll (D:3)
  An adder (D:2)
  An ooze (D:3)
  A leopard gecko (D:2)
  A giant cockroach (D:2)
  A quokka (D:2)
  2 bats (D:2)
  A frilled lizard (D:2)
9 creatures vanquished.

Notes
Turn   | Place    | Note
-------+----------+-------------------------------------------
     0 | D:1      | inmateoo the Gnoll Transmuter began the quest for the Orb.
     0 | D:1      | Reached XP level 1. HP: 17/17 MP: 6/6
     8 | D:1      | You fall through a shaft!
    37 | D:2      | Found a sparkling altar of Nemelex Xobeh.
   213 | D:2      | Reached XP level 2. HP: 17/23 MP: 5/7
   221 | D:2      | Learned a level 2 spell: Sticks to Snakes
   498 | D:4      | Noticed Eustachio
   510 | D:3      | Reached skill level 5 in Spellcasting
   510 | D:3      | Reached XP level 3. HP: 3/28 MP: 2/9
   511 | D:3      | Killed from afar by a dart slug

Skill      XL: |  1  2 |
---------------+-------+-----
Spellcasting   | 5 |  5.0
Fighting       | |  2.5
Short Blades   | |  0.6
Long Blades    | |  0.6
Axes           | |  0.6
Maces & Flails | |  0.6
Polearms       | |  0.6
Staves         | |  0.6
Slings         | |  0.6
Bows           | |  0.6
Crossbows      | |  0.6
Throwing       | |  0.6
Armour         | |  0.6
Dodging        | |  4.5
Stealth        | |  0.6
Shields        | |  0.6
Unarmed Combat | |  6.5
Conjurations   | |  0.4
Hexes          | |  0.4
Charms         | |  0.4
Summonings     | |  0.4
Necromancy     | |  0.4
Translocations | |  0.4
Transmutations | |  3.7
Fire Magic     | |  0.4
Ice Magic      | |  0.4
Air Magic      | |  0.4
Earth Magic    | |  0.4
Poison Magic   | |  0.4
Invocations    | |  0.8
Evocations     | |  0.6

Action                   || total
-------------------------++-------
Melee: Unarmed           ||    30
       Kick              ||     2
       Headbutt          ||     5
       Punch             ||     2
       Bite              ||     2
 Cast: Beastly Appendage ||     6
       Sticks to Snakes  ||     4
Armor: Robe              ||     7
Dodge: Dodged            ||    33
